 Dungeon Crawl Stone Soup version 0.18-a0-1666-g3ea6f2b (webtiles) character file.

6884 Ijustatesigmund the Covert (level 11, -3/69 HPs)
             Began as a Kobold Assassin on Mar 31, 2016.
             Was an Initiate of Cheibriados.
             Slain by a warg (14 damage)
             ... on level 9 of the Dungeon.
             The game lasted 01:00:30 (10846 turns).

Ijustatesigmund the Covert (Kobold Assassin)       Turns: 10846, Time: 01:00:30

Health: -3/69      AC:  7    Str: 12    XL:     11   Next: 26%
Magic:  14/14      EV: 23    Int: 12    God:    Cheibriados [......]
Gold:   356        SH: 11    Dex: 23    Spells: 0 memorised, 10 levels left

rFire  + . .     SeeInvis +     u - +3 dagger
rCold  . . .     Gourm    .     F - +2 robe {rF+}
rNeg   . . .     Faith    .     r - +0 buckler
rPois  +         Spirit   .     q - +1 hat
rElec  .         Dismiss  .     d - +0 cloak
rCorr  .         Reflect  +     s - +0 pair of gloves
SustAt .         Harm     .     (no boots)
MR     .....                    J - amulet of Moderation {Reflect Dex+4 SH+4}
Stlth  ++++++....               B - ring of see invisible
                                h - ring of poison resistance

@: studying Armour, very slow, not resistant to hostile enchantments, very
stealthy
A: carnivore 3
a: Bend Time, Renounce Religion


You were on level 9 of the Dungeon.
You worshipped Cheibriados.
Cheibriados was noncommittal.
You were very full.

You visited 2 branches of the dungeon, and saw 11 of its levels.
You also visited: Bailey.

You collected 1004 gold pieces.
You spent 648 gold pieces at shops.

Inventory:

Hand Weapons
 a - a +2 dagger
 b - a +0 blowgun
 u - a +3 dagger (weapon)
Missiles
 e - 67 poisoned needles
 f - 7 tomahawks (quivered)
 z - 2 tomahawks of returning
 A - 3 throwing nets
Armour
 d - a +0 cloak (worn)
 q - a +1 hat (worn)
 r - a +0 buckler (worn)
 s - a +0 pair of gloves (worn)
 F - a +2 robe of fire resistance (worn)
Jewellery
 h - a ring of poison resistance (left hand)
 j - the amulet of Uvahamirgh {Reflect Int+4 SH+3 Stlth+}
   (You bought it in a shop on level 7 of the Dungeon)

   [amulet of reflection]

   It shields you and reflects attacks.
   It affects your intelligence (+4).
   It affects your SH (+3).
   It makes you more stealthy.
 B - a ring of see invisible (right hand)
 C - an uncursed ring of magical power
 D - an uncursed ring of protection from fire
 J - the amulet of Moderation (around neck) {Reflect Dex+4 SH+4}
   (You found it on level 9 of the Dungeon)

   [amulet of reflection]

   It shields you and reflects attacks.
   It affects your dexterity (+4).
   It affects your SH (+4).
Wands
 v - a wand of digging (6/24)
 y - a wand of flame (33/48)
 K - a wand of teleportation (3/9)
Scrolls
 m - a scroll of identify
 o - 4 scrolls of remove curse
 p - 6 scrolls of teleportation
 w - a scroll of fear
 I - a scroll of magic mapping {unknown}
Potions
 c - 2 potions of cure mutation
 i - 2 potions of curing
 k - 3 potions of lignification
 n - a potion of berserk rage {unknown}
 t - a potion of magic
 E - 2 potions of brilliance
 H - 3 potions of mutation
Books
 G - a manual of Armour
Comestibles
 g - 3 meat rations
 l - 3 beef jerkies
 x - 2 slices of pizza


   Skills:
 + Level 8.7 Fighting
 - Level 10.1 Short Blades
 - Level 5.0 Throwing
 - Level 2.1 Armour
 - Level 7.6 Dodging
 + Level 10.6 Stealth
 - Level 5.3 Shields
 + Level 0.0 Invocations
 - Level 4.0 Evocations


You had 10 spell levels left.
You didn't know any spells.

Dungeon Overview and Level Annotations

Branches:
Dungeon (10/15)            Temple (1/1) D:5            Lair (0/8) D:10
    Orc: D:9-12

Altars:
Ashenzari
Cheibriados
Dithmenos
Elyvilon
Fedhas
Gozag
Kikubaaqudgha
Makhleb
Nemelex Xobeh
Okawaru
Pakellas
Qazlal
Ru
Sif Muna
Trog
Vehumet
Xom
Yredelemnul
Zin
The Shining One

Shops:
D:7 =*=}


Innate Abilities, Weirdness & Mutations

You are small and have problems with some larger weapons.
You are carnivorous and can eat meat at any time.


Message History

You are too injured to fight recklessly!
Drink which item? (? for menu, Esc to quit)
Okay, then.
You hit the warg.
The warg is almost dead.
You block the warg's attack.
You completely miss the warg.
The warg is almost dead.
Evoke which item? (* to show all) (? for menu, Esc to quit)
Okay, then.
You hit the warg but do no damage.
The warg is almost dead.
The warg completely misses you.
Evoke which item? (* to show all) (? for menu, Esc to quit)
Zapping:
y - a wand of flame (34/48)
Press: ? - help, Shift-Dir - straight line, f - warg
Aim: a warg (almost dead)
The puff of flame misses the warg.
This wand has 33 charges left.
The warg bites you!
You die...

#......#...........
#......#.).....##..
#......#.......##..
#......'.......#...
#........).....##..
#......≈≈))≈≈≈.##..
#......≈##.##≈.....
#.h###.≈#...#≈.....
#.@###.≈#.∩.#≈.....
#.>##..≈#...#≈.##..
#......≈#####≈.##..
#......≈≈≈≈≈≈≈.##..
#......[...........
#..####[#.......... #..#
#[#..........
#.<####.#..........
######.....).#..........


You could see a warg.

Vanquished Creatures
  Erica (D:8)
  An orc knight (Bailey)
  Joseph (D:8)
  Prince Ribbit (D:6)
  Sigmund (D:3)
  2 hippogriffs (D:8)
  The ghost of Gorice the Slasher, an amateur DsAK of Lugonu (D:3)
  2 hungry ghosts
  A water moccasin (D:9)
  5 orc warriors
  3 sky beasts
  3 ice beasts
  3 wasps
  A black bear (D:8)
  An eye of draining (D:9)
  A centaur (D:8)
  3 ogres
  2 crocodiles (D:9)
  A big kobold (D:8)
  3 giant frogs
  A gnoll sergeant (D:8)
  8 scorpions
  4 killer bees (D:8)
  4 wights (D:9)
  A howler monkey (D:7)
  A crimson imp (D:7)
  A centaur zombie (D:8)
  2 jellies (D:6)
  A quasit (D:9)
  7 hounds
  4 orc priests
  5 orc wizards
  Jessica (D:3)
  2 iguanas (D:8)
  5 worker ants
  A killer bee zombie (D:7)
  A hound zombie (D:6)
  A hound skeleton (D:9)
  A worker ant zombie (D:5)
  16 gnolls
  7 adders
  2 shadow imps
  An adder zombie (D:8)
  3 adder skeletons
  4 worms
  5 giant geckos
  31 orcs
  9 giant cockroaches
  15 goblins
  6 hobgoblins
  10 jackals
  13 kobolds
  2 quokkas (D:5)
  2 ball pythons
  5 bats
  2 giant newts
  A jackal skeleton (D:4)
  4 rats
226 creatures vanquished.

Vanquished Creatures (others)
  A centaur (D:9)
  An orc wizard (D:3)
  An orc (D:9)
3 creatures vanquished.

Grand Total: 229 creatures vanquished

Notes
Turn   | Place    | Note
--------------------------------------------------------------
     0 | D:1      | Ijustatesigmund the Kobold Assassin began the quest for the Orb.
     0 | D:1      | Reached XP level 1. HP: 12/12 MP: 1/1
    84 | D:1      | Reached XP level 2. HP: 3/17 MP: 2/2
   408 | D:1      | Found a shimmering altar of Xom.
  1098 | D:1      | Reached XP level 3. HP: 21/21 MP: 3/3
  1523 | D:2      | Found an oddly glowing altar of Pakellas.
  1605 | D:2      | Reached XP level 4. HP: 16/26 MP: 4/4
  2070 | D:3      | Noticed Gorice's ghost (amateur DsAK)
  2403 | D:4      | Reached XP level 5. HP: 30/30 MP: 5/5
  2505 | D:4      | Reached skill level 5 in Short Blades
  2518 | D:4      | Reached XP level 6. HP: 31/35 MP: 6/6
  2590 | D:4      | Noticed an orc warrior
  2596 | D:4      | Killed an orc warrior
  2596 | D:4      | Reached XP level 7. HP: 40/40 MP: 7/7
  2827 | D:4      | Found a sparkling altar of Nemelex Xobeh.
  3059 | D:5      | Entered Level 5 of the Dungeon
  3093 | D:5      | Found an opulent altar of Gozag.
  3238 | D:5      | Reached skill level 5 in Throwing
  3353 | D:5      | Found a staircase to the Ecumenical Temple.
  3364 | Temple   | Entered the Ecumenical Temple
  3846 | D:5      | Found a shattered altar of Ashenzari.
  4107 | D:5      | Found a glowing silver altar of Zin.
  4198 | D:6      | Noticed Prince Ribbit
  4201 | D:6      | Killed Prince Ribbit
  4201 | D:6      | Reached skill level 5 in Fighting
  4201 | D:6      | Reached XP level 8. HP: 50/50 MP: 8/8
  4329 | D:6      | Found a basalt altar of Yredelemnul.
  4417 | D:6      | Found a white marble altar of Elyvilon.
  4561 | D:7      | Reached XP level 9. HP: 54/54 MP: 9/9
  4685 | D:7      | Found a shimmering altar of Xom.
  4751 | D:7      | Found Bylu Puurgh's Jewellery Emporium.
  4833 | D:7      | Got a creamy pearl robe
  4844 | D:7      | Identified the cursed +1 robe of Qibuxkeg {rC++ MR-} (You found it on level 7 of the Dungeon)
  4922 | D:7      | Reached skill level 10 in Short Blades
  5039 | D:7      | Reached skill level 10 in Stealth
  5065 | D:7      | Reached skill level 1 in Shields
  5204 | D:7      | Found Sazxedu's Gadget Shoppe.
  5206 | D:7      | Found Olohamno's Jewellery Shop.
  5509 | D:7      | Found Aleed's General Store.
  5605 | D:7      | Found a sacrificial altar of Ru.
  5606 | D:7      | Found a deep blue altar of Sif Muna.
  5967 | D:8      | Found a glowing golden altar of the Shining One.
  5985 | D:8      | Noticed Erica
  5987 | D:8      | Killed Erica
  5987 | D:8      | Reached XP level 10. HP: 59/59 MP: 10/10
  6126 | D:8      | Reached skill level 5 in Shields
  6237 | D:8      | Found a shadowy altar of Dithmenos.
  6363 | D:8      | Found an ancient bone altar of Kikubaaqudgha.
  6365 | D:8      | Found a blossoming altar of Fedhas.
  6414 | D:8      | Found a bloodstained altar of Trog.
  6435 | D:8      | Reached skill level 5 in Dodging
  6541 | D:8      | Identified a scroll of acquirement
  6627 | D:8      | Reached skill level 1 in Armour
  7009 | D:8      | Noticed Joseph
  7012 | D:8      | Killed Joseph
  7223 | D:9      | Found a shadowy altar of Dithmenos.
  7371 | D:9      | Found a flagged portal.
  7403 | Bailey   | Entered a bailey
  7403 | Bailey   | Noticed an orc knight
  7412 | Bailey   | Noticed an orc knight
  7603 | Bailey   | Noticed an orc knight
  7657 | Bailey   | Killed an orc knight
  7896 | Bailey   | Noticed an orc knight
  8112 | D:8      | Reached XP level 11. HP: 68/68 MP: 9/11
  8154 | D:7      | Bought the amulet of Uvahamirgh {Reflect Int+4 SH+3 Stlth+} for 648 gold pieces
  8317 | D:3      | Found an iron altar of Okawaru.
  8318 | D:3      | Noticed Sigmund
  8359 | D:3      | Killed Sigmund
  8713 | D:3      | Killed Gorice's ghost
  8713 | D:3      | Reached skill level 1 in Evocations
  8953 | D:3      | Noticed Jessica
  8960 | D:3      | Killed Jessica
  9222 | D:3      | Found a shimmering altar of Xom.
 10075 | D:9      | Found a snail-covered altar of Cheibriados.
 10280 | D:9      | Got a shimmering sapphire amulet
 10282 | D:9      | Identified the amulet of Moderation {Reflect Dex+4 SH+4} (You found it on level 9 of the Dungeon)
 10643 | D:10     | Entered Level 10 of the Dungeon
 10724 | D:9      | Became a worshipper of Cheibriados the Contemplative
 10811 | D:10     | Found a staircase to the Lair.
 10812 | D:10     | Noticed an unseen horror
 10846 | D:9      | Slain by a warg

Vault maps used:
D:1:      dpeg_arrival_connections, xom_teletrap_fun
D:2:      lemuel_crystal_altar, first_bread
D:3:      overflow_temple_1_default, okawaru_gym_becter, uniq_jessica,
          uniq_sigmund
D:4:      corexii_checkpoint_a, nemelex_xobeh_ov_fountains_minmay
D:5:      lemuel_round_altar, zin_treasury, grunt_gozag_statues, temple_statues
D:6:      yredelemnul_altar_generic, elyvilon_altar_3, uniq_prince_ribbit1
D:7:      gammafunk_temple_overflow_statue, serial_shops, shop,
          nicolae_shop_stone, shop, nicolae_shop_crystal, basic_altar
D:8:      grunt_temple_overflow_growth_and_decay, lemuel_crystal_altar,
          nicolae_overflow_crystal_walls, lemuel_round_altar, uniq_erica,
          uniq_joseph
D:9:      cheibriados_altar_1, enter_bailey_3, nicolae_dithmenos_the_darkroom
D:10:     erik_lair_orcish_takeover, minmay_orc_entry_temple_small,
          serial_shops, nicolae_shop_stone
Temple:   nicolae_temple_hex_pool_5
Bailey:   bailey_polearm_4, bailey

Skill      XL: |  1  2  3  4  5  6  7  8  9 10 11 |
---------------+----------------------------------+-----
Short Blades   | 3 4 5 6 7 8 10 | 10.1
Dodging        | 2 3 7 |  7.6
Stealth        | 6 8 10 | 10.6
Throwing       | 3 4 5 |  5.0
Fighting       | 5 7 8 |  8.7
Shields        | 4 5 |  5.3
Armour         | 2 |  2.1
Evocations     | 4 |  4.0

Action                   |  1- 3 |  4- 6 |  7- 9 | 10-12 || total
-------------------------+-------+-------+-------+-------++-------
Melee: Dagger            |    92 |    55 |   296 |   829 ||  1272
 Fire: Blowgun           |       |     4 |    38 |    37 ||    79
Throw: Tomahawk          |       |       |    40 |    13 ||    53
Evoke: Wand              |       |       |    11 |    10 ||    21
  Use: Scroll            |     6 |     2 |    12 |     4 ||    24
       Potion            |       |       |     3 |     9 ||    12
 Stab: Sleeping          |     9 |     6 |     7 |    17 ||    39
       Distracted        |     1 |       |     1 |     2 ||     4
       Invisible         |       |       |       |     2 ||     2
  Eat: Chunk             |    10 |     2 |    13 |    15 ||    40
       Pizza             |       |       |     1 |       ||     1
